3A
GRAND FORKS CATERPILLARS @ CAPE CORAL REEFERS
08/11/2038
 
TOP OF THE 1ST
Grand Forks Caterpillars batting - Pitching for Cape Coral Reefers : RHP Hyeon-uk Sa
Pitching: RHP Hyeon-uk Sa
Batting: LHB Armando Ventura 0-0: Swinging Strike
0-1: Ball
1-1: Foul Ball, location: 2F
1-2: Ball
2-2: Fly out, F6 (Popup, 56, EV 53.8 MPH)
Batting: SHB César Enríques 0-0: Foul Ball, location: 2F
0-1: Foul Ball, location: 2F
0-2: Ball
1-2: Strikes out swinging
Batting: LHB Keaton Kringlen 0-0: SOLO HOME RUN (Flyball, 78XD, EV 106.9 MPH), Distance : 390 ft
Batting: RHB Dima Tabakaev 0-0: Foul Ball, location: 2F
0-1: Swinging Strike
0-2: Foul Ball, location: 2F
0-2: Ball
1-2: Strikes out swinging
Top of the 1st over - 1 run, 1 hit, 0 errors, 0 left on base; Grand Forks 1 - Cape Coral 0
BOTTOM OF THE 1ST
Cape Coral Reefers batting - Pitching for Grand Forks Caterpillars : RHP César Luna
Pitching: RHP César Luna
Batting: LHB Pat Carter 0-0: Ball
1-0: Ball
2-0: Called Strike
2-1: Fly out, F8 (Flyball, 8RM, EV 85.6 MPH)
Batting: LHB Pedro Guerrero 0-0: Ground out 4-3 (Groundball, 4, EV 93.1 MPH)
Batting: RHB Sadiya Seth 0-0: Ball
1-0: DOUBLE (Groundball, 5L, EV 105.6 MPH)
Batting: RHB Jeff Bowers 0-0: Foul Ball, location: 2F
0-1: Ground out 4-3 (Groundball, 4MD, EV 98.8 MPH)
Bottom of the 1st over - 0 runs, 1 hit, 0 errors, 1 left on base; Grand Forks 1 - Cape Coral 0
TOP OF THE 2ND
Grand Forks Caterpillars batting - Pitching for Cape Coral Reefers : RHP Hyeon-uk Sa
Batting: LHB Hsui-chuan Tsou 0-0: Foul Ball, location: 2F
0-1: Foul Ball, location: 2F
0-2: Foul Ball, location: 2F
0-2: Foul Ball, location: 2F
0-2: Fly out, F6 (Popup, 6M, EV 62.5 MPH)
Batting: RHB Sam McConnell 0-0: Called Strike
0-1: Ground out 5-3 (Groundball, 56, EV 103.1 MPH)
Batting: RHB Joe Galonzo 0-0: Called Strike
0-1: Ball
1-1: Foul Ball, location: 2F
1-2: Ball
2-2: Foul Ball, location: 2F
2-2: Fly out, F8 (Flyball, 8RD, EV 95.6 MPH)
Top of the 2nd over - 0 runs, 0 hits, 0 errors, 0 left on base; Grand Forks 1 - Cape Coral 0
BOTTOM OF THE 2ND
Cape Coral Reefers batting - Pitching for Grand Forks Caterpillars : RHP César Luna
Batting: LHB Bob Giles 0-0: Ball
1-0: Foul Ball, location: 2F
1-1: Foul Ball, location: 2F
1-2: Foul Ball, location: 2F
1-2: SINGLE (Groundball, 56D, EV 100.0 MPH)
Batting: LHB Fernando Negrete 0-0: Ball
1-0: Called Strike
1-1: Called Strike
1-2: Strikes out looking
Batting: RHB Matthew Hunt 0-0: Called Strike
0-1: Called Strike
0-2: Fly out, F8 (Flyball, 78S, EV 82.5 MPH)
Batting: RHB Jim Robbins 0-0: Ball
1-0: Called Strike
1-1: Swinging Strike
1-2: Strikes out swinging
Bottom of the 2nd over - 0 runs, 1 hit, 0 errors, 1 left on base; Grand Forks 1 - Cape Coral 0
TOP OF THE 3RD
Grand Forks Caterpillars batting - Pitching for Cape Coral Reefers : RHP Hyeon-uk Sa
Batting: RHB Eugene Bradley 0-0: Called Strike
0-1: Swinging Strike
0-2: Strikes out looking
Batting: RHB Bert Allison 0-0: Swinging Strike
0-1: Ball
1-1: Called Strike
1-2: Ball
2-2: Foul Ball, location: 2F
2-2: Foul Ball, location: 2F
2-2: Strikes out swinging
Batting: LHB Armando Ventura 0-0: Foul Ball, location: 2F
0-1: Ball
1-1: Foul Ball, location: 2F
1-2: TRIPLE (Flyball, 7D, EV 108.8 MPH)
Batting: SHB César Enríques 0-0: Foul Ball, location: 2F
0-1: Foul Ball, location: 2F
0-2: Ball
1-2: Foul Ball, location: 2F
1-2: Foul Ball, location: 2F
1-2: Foul Ball, location: 2F
1-2: Strikes out swinging
Top of the 3rd over - 0 runs, 1 hit, 0 errors, 1 left on base; Grand Forks 1 - Cape Coral 0
BOTTOM OF THE 3RD
Cape Coral Reefers batting - Pitching for Grand Forks Caterpillars : RHP César Luna
Batting: RHB Dave Hill 0-0: Called Strike
0-1: Ball
1-1: SINGLE (Groundball, 6MD, EV 101.9 MPH)
Batting: LHB Pat Carter 0-0: Ball
1-0: Ball
2-0: Ball
3-0: Called Strike
3-1: Base on Balls
Dave Hill to second
Batting: LHB Pedro Guerrero 0-0: Ball
1-0: Foul Ball, location: 2F
1-1: Ball
2-1: Fielders Choice at 2nd, 3-6 (Groundball, 3S, EV 80.6 MPH)
Dave Hill to third
Batting: RHB Sadiya Seth 0-0: Ball
Pickoff Throw to First - Out! 1-3
1-0: Foul Ball, location: 2F
1-1: Swinging Strike
1-2: Ground out 6-3 (Groundball, 6, EV 80.0 MPH)
Bottom of the 3rd over - 0 runs, 1 hit, 0 errors, 1 left on base; Grand Forks 1 - Cape Coral 0
TOP OF THE 4TH
Grand Forks Caterpillars batting - Pitching for Cape Coral Reefers : RHP Hyeon-uk Sa
Batting: LHB Keaton Kringlen 0-0: Swinging Strike
0-1: Ball
1-1: Ground out 4-3 (Groundball, 4, EV 80.6 MPH)
Batting: RHB Dima Tabakaev 0-0: Ball
1-0: Foul Ball, location: 2F
1-1: Ball
2-1: Foul Ball, location: 2F
2-2: Strikes out swinging
Batting: LHB Hsui-chuan Tsou 0-0: Ball
1-0: Ball
2-0: Foul Ball, location: 2F
2-1: Ball
3-1: Base on Balls
Batting: RHB Sam McConnell 0-0: Ball
1-0: Foul Ball, location: 2F
1-1: Foul Ball, location: 2F
1-2: Fielders Choice at 2nd, 6-4 (Groundball, 56, EV 103.8 MPH)
Top of the 4th over - 0 runs, 0 hits, 0 errors, 1 left on base; Grand Forks 1 - Cape Coral 0
BOTTOM OF THE 4TH
Cape Coral Reefers batting - Pitching for Grand Forks Caterpillars : RHP César Luna
Batting: RHB Jeff Bowers 0-0: Fly out, F8 (Line Drive, 8RD, EV 105.0 MPH)
Batting: LHB Bob Giles 0-0: Ground out 6-3 (Groundball, 56, EV 107.5 MPH)
Batting: LHB Fernando Negrete 0-0: Foul Ball, location: 2F
0-1: Ground out 6-3 (Groundball, 6, EV 96.2 MPH)
Bottom of the 4th over - 0 runs, 0 hits, 0 errors, 0 left on base; Grand Forks 1 - Cape Coral 0
TOP OF THE 5TH
Grand Forks Caterpillars batting - Pitching for Cape Coral Reefers : RHP Hyeon-uk Sa
Batting: RHB Joe Galonzo 0-0: Ball
1-0: Bunted foul
1-1: Ball
2-1: Called Strike
2-2: Foul Ball, location: 2F
2-2: Strikes out looking
Batting: RHB Eugene Bradley 0-0: Ball
1-0: Fly out, F4 (Line Drive, 4, EV 65.6 MPH)
Batting: RHB Bert Allison 0-0: Foul Ball, location: 2F
0-1: Swinging Strike
0-2: Ball
1-2: Fly out, F8 (Flyball, 8RD, EV 88.1 MPH)
Top of the 5th over - 0 runs, 0 hits, 0 errors, 0 left on base; Grand Forks 1 - Cape Coral 0
BOTTOM OF THE 5TH
Cape Coral Reefers batting - Pitching for Grand Forks Caterpillars : RHP César Luna
Batting: RHB Matthew Hunt 0-0: Fly out, F7 (Flyball, 78M, EV 86.9 MPH)
Batting: RHB Jim Robbins 0-0: Called Strike
0-1: Fly out, F8 (Flyball, 8LXD, EV 88.8 MPH)
Batting: RHB Dave Hill 0-0: Ball
1-0: Ball
2-0: Foul Ball, location: 2F
2-1: Ball
3-1: Fly out, F6 (Line Drive, 6, EV 66.9 MPH)
Bottom of the 5th over - 0 runs, 0 hits, 0 errors, 0 left on base; Grand Forks 1 - Cape Coral 0
TOP OF THE 6TH
Grand Forks Caterpillars batting - Pitching for Cape Coral Reefers : RHP Hyeon-uk Sa
Batting: LHB Armando Ventura 0-0: Called Strike
0-1: SINGLE (Groundball, 3D, EV 99.4 MPH)
Batting: SHB César Enríques 0-0: Ball
1-0: Ball
2-0: Called Strike
2-1: Ball
3-1: Called Strike
3-2: Base on Balls
Armando Ventura to second
Batting: LHB Keaton Kringlen 0-0: Called Strike
0-1: Foul Ball, location: 2F
0-2: Strikes out swinging
Batting: RHB Dima Tabakaev 0-0: Fly out, F4 (Popup, 4, EV 59.4 MPH)
Batting: LHB Hsui-chuan Tsou 0-0: Ball
1-0: Ball
2-0: Foul Ball, location: 2F
2-1: Swinging Strike
2-2: Ball
3-2: Base on Balls
Armando Ventura to third
César Enríques to second
Batting: RHB Sam McConnell 0-0: Ball
1-0: Ball
2-0: Ball
3-0: Base on Balls
Armando Ventura scores
César Enríques to third
Hsui-chuan Tsou to second
Batting: RHB Joe Galonzo 0-0: Called Strike
0-1: Called Strike
0-2: Ball
1-2: Ball
2-2: Ball
3-2: Strikes out swinging
Top of the 6th over - 1 run, 1 hit, 0 errors, 3 left on base; Grand Forks 2 - Cape Coral 0
BOTTOM OF THE 6TH
Cape Coral Reefers batting - Pitching for Grand Forks Caterpillars : RHP César Luna
Batting: LHB Pat Carter 0-0: Ball
1-0: Swinging Strike
1-1: Ground out 4-3 (Groundball, 4, EV 91.2 MPH)
Batting: LHB Pedro Guerrero 0-0: Ball
1-0: Called Strike
1-1: Called Strike
1-2: Strikes out swinging
Batting: RHB Sadiya Seth 0-0: Ball
1-0: Ball
2-0: Ball
3-0: Called Strike
3-1: Base on Balls
Batting: RHB Jeff Bowers 0-0: Ball
1-0: Called Strike
1-1: SINGLE (Groundball, 5D, EV 107.5 MPH)
Sadiya Seth to second
Batting: LHB Bob Giles 0-0: Foul Ball, location: 2F
0-1: Ball
1-1: Swinging Strike
1-2: Ball
2-2: Strikes out swinging
Bottom of the 6th over - 0 runs, 1 hit, 0 errors, 2 left on base; Grand Forks 2 - Cape Coral 0
TOP OF THE 7TH
Grand Forks Caterpillars batting - Pitching for Cape Coral Reefers : RHP Hyeon-uk Sa
Pitching: RHP Tom Lewis
Batting: RHB Eugene Bradley 0-0: Ball
1-0: Ball
2-0: Ball
3-0: Base on Balls
Batting: RHB Bert Allison 0-0: Ball
1-0: Called Strike
1-1: Ball
2-1: Called Strike
2-2: Strikes out swinging
Batting: LHB Armando Ventura 0-0: Called Strike
0-1: Foul Ball, location: 2F
0-2: Ball
1-2: Ball
Wild Pitch!
Eugene Bradley to second
2-2: Strikes out swinging
Batting: SHB César Enríques 0-0: Called Strike
0-1: SINGLE (Flyball, 7S, EV 92.5 MPH)
Eugene Bradley to third
Runner from 3rd tries for Home, SAFE, no throw by LF
Batting: LHB Keaton Kringlen 0-0: Foul Ball, location: 2F
0-1: Fly out, F8 (Flyball, 8RD, EV 93.8 MPH)
Top of the 7th over - 1 run, 1 hit, 0 errors, 1 left on base; Grand Forks 3 - Cape Coral 0
BOTTOM OF THE 7TH
Cape Coral Reefers batting - Pitching for Grand Forks Caterpillars : RHP César Luna
Batting: LHB Fernando Negrete 0-0: Fly out, F2 (Popup, 5SF, EV 83.1 MPH)
Batting: RHB Matthew Hunt 0-0: Called Strike
0-1: Fly out, F7 (Line Drive, 7, EV 90.6 MPH)
Batting: RHB Jim Robbins 0-0: Ground out 4-3 (Groundball, 4, EV 88.8 MPH)
Bottom of the 7th over - 0 runs, 0 hits, 0 errors, 0 left on base; Grand Forks 3 - Cape Coral 0
TOP OF THE 8TH
Grand Forks Caterpillars batting - Pitching for Cape Coral Reefers : RHP Tom Lewis
Batting: RHB Dima Tabakaev 0-0: Ball
1-0: Swinging Strike
1-1: Ball
2-1: Called Strike
2-2: Ball
3-2: Fly out, F7 (Line Drive, 7D, EV 90.0 MPH)
Batting: LHB Hsui-chuan Tsou 0-0: Ball
1-0: Swinging Strike
1-1: Swinging Strike
1-2: Ball
2-2: Strikes out swinging
Batting: RHB Sam McConnell 0-0: Called Strike
0-1: Swinging Strike
0-2: Ball
1-2: Strikes out swinging
Top of the 8th over - 0 runs, 0 hits, 0 errors, 0 left on base; Grand Forks 3 - Cape Coral 0
BOTTOM OF THE 8TH
Cape Coral Reefers batting - Pitching for Grand Forks Caterpillars : RHP César Luna
Batting: RHB Dave Hill 0-0: Foul Ball, location: 2F
0-1: Foul Ball, location: 2F
0-2: Foul Ball, location: 2F
0-2: Ball
1-2: Ball
2-2: Strikes out looking
Pitching: RHP Takuro Soma
Batting: LHB Pat Carter 0-0: Ball
1-0: Swinging Strike
1-1: Ball
2-1: Foul Ball, location: 2F
2-2: Ball
3-2: Strikes out looking
Batting: LHB Pedro Guerrero 0-0: Called Strike
0-1: Called Strike
0-2: Foul Ball, location: 2F
0-2: SINGLE (Groundball, 4MD, EV 95.6 MPH)
Batting: RHB Sadiya Seth 0-0: Called Strike
0-1: Ball
1-1: Ball
2-1: Ground out 6-3 (Groundball, 6MS, EV 78.8 MPH)
Bottom of the 8th over - 0 runs, 1 hit, 0 errors, 1 left on base; Grand Forks 3 - Cape Coral 0
TOP OF THE 9TH
Grand Forks Caterpillars batting - Pitching for Cape Coral Reefers : RHP Tom Lewis
Batting: RHB Joe Galonzo 0-0: Ball
1-0: Foul Ball, location: 2F
1-1: Ball
2-1: Foul Ball, location: 2F
2-2: Ball
3-2: Fly out, F7 (Line Drive, 78M, EV 101.9 MPH)
Batting: RHB Eugene Bradley 0-0: Ball
1-0: Reached on error, E5 (Groundball, 56S, EV 76.2 MPH)
Pitching: RHP Wiley Shaw
Batting: RHB Bert Allison 0-0: Ball
Eugene Bradley steals 2nd base
1-0: SINGLE (Groundball, 34D, EV 106.2 MPH)
Eugene Bradley to third
Batting: LHB Armando Ventura 0-0: Swinging Strike
0-1: Foul Ball, location: 2F
0-2: Ball
1-2: Ball
2-2: Foul Ball, location: 2F
2-2: Ball
3-2: Fielders Choice at 2nd, 6-4 (Groundball, 6, EV 86.2 MPH)
Eugene Bradley scores
Batting: SHB César Enríques 0-0: Called Strike
0-1: Foul Ball, location: 2F
0-2: Fly out, F7 (Flyball, 78D, EV 98.8 MPH)
Top of the 9th over - 1 run, 1 hit, 1 error, 1 left on base; Grand Forks 4 - Cape Coral 0
BOTTOM OF THE 9TH
Cape Coral Reefers batting - Pitching for Grand Forks Caterpillars : RHP Takuro Soma
Batting: RHB Jeff Bowers 0-0: Called Strike
0-1: Ball
1-1: Fly out, F9 (Line Drive, 9, EV 98.1 MPH)
Batting: LHB Bob Giles 0-0: Called Strike
0-1: Ball
1-1: Ball
2-1: Ball
3-1: Fly out, F8 (Flyball, 78M, EV 85.0 MPH)
Batting: LHB Fernando Negrete 0-0: Ball
1-0: Ball
2-0: Ball
3-0: Base on Balls
Batting: RHB Matthew Hunt 0-0: Called Strike
0-1: Foul Ball, location: 2F
0-2: Ball
1-2: Ball
2-2: Fielders Choice at 2nd, 6-4 (Groundball, 6, EV 76.9 MPH)
Bottom of the 9th over - 0 runs, 0 hits, 0 errors, 1 left on base; Grand Forks 4 - Cape Coral 0
Friday, April 17th, 2020 - OOTP Baseball 20.8 Build 74